 Dungeon Crawl Stone Soup version 0.31-a0-237-g2d982f9f85 (webtiles) character file.

Game seed: 8971082334489067499

405 qw the Shooter (level 6, -5/37 HPs)
             Began as a Gargoyle Hexslinger on July 10, 2023.
             Slain by an ogre
             ... wielding a +0 giant club
              (20 damage)
             ... on level 4 of the Dungeon.
             The game lasted 00:01:06 (2757 turns).

qw the Shooter (Gargoyle Hexslinger)                Turns: 2757, Time: 00:01:07

Health: -5/37      AC: 10    Str: 20    XL:     6   Next: 87%
Magic:  7/7        EV: 11    Int: 12    God:
Gold:   153        SH:  0    Dex: 16    Spells: 6/7 levels left

rFire   . . .        Y - +2 sling
rCold   . . .        (no shield)
rNeg    + + +        b - +0 ring mail
rPois   inf          (no helmet)
rElec   +            o - +0 cloak
rCorr   .            (no gloves)
SInv    +            (no boots)
Will    .....        (no amulet)
Stlth   +            d - ring "Womurac" {Fly rN+++ Str-2 Slay+2 SInv}
HPRegen 0.26/turn    c - ring of the Mashing Gods {Str+6 Dex+3}
MPRegen 0.10/turn

%: no passive effects
@: flying
A: sickness immunity, AC +4, negative energy resistance 1, electricity
resistance, torment resistance 1, petrification resistance, big wings, strong 1
a: no special abilities


You were on level 4 of the Dungeon.
You visited 1 branch of the dungeon, and saw 5 of its levels.

You collected 201 gold pieces.
You spent 48 gold pieces at shops.


Innate Abilities, Weirdness & Mutations

You are immune to sickness and miasma.
Your stone body is resilient. (AC +4)
You are immune to poison.
You resist negative energy. (rN+)
You are resistant to electric shocks. (rElec)
You are resistant to unholy torment.
You are immune to petrification.
Your large and strong wings let you fly.
Your muscles are strong. (Str +4, Int/Dex -1)


   Skills:
 + Level 3.3 Fighting
 - Level 6.1 Ranged Weapons
 - Level 1.6 Armour
 - Level 1.5 Dodging
 - Level 1.0 Spellcasting
 - Level 2.6 Hexes


You had 6 spell levels left.
You knew the following spells:

 Your Spells              Type           Power      Damage    Failure   Level
a - Slow                  Hex            28%        N/A       17%         1

Your spell library contained the following spells:

 Spells                   Type           Power      Damage    Failure   Level
 Inner Flame              Hex/Fire       3%         N/A       65%         3
 Portal Projectile        Hex/Tloc       6%         N/A       65%         3
 Cause Fear               Hex            3%         N/A       86%         4

Inventory:

Hand Weapons
 Y - a +2 sling (weapon)
Armour
 b - a +0 ring mail (worn)
 o - a +0 cloak (worn)
Jewellery
 c - the ring of the Mashing Gods (right hand) {Str+6 Dex+3}
   (You acquired it on level 2 of the Dungeon)

   [ring of strength]

   Str:       It affects your strength (+6).
   Dex:       It affects your dexterity (+3).
 d - the ring "Womurac" (left hand) {Fly rN+++ Str-2 Slay+2 SInv}
   (You acquired it on level 2 of the Dungeon)

   [ring of flight]

   Str:       It affects your strength (-2).
   Slay:      It affects your accuracy & damage with ranged weapons and melee
   (+2).
   rN:        It renders you almost immune to negative energy.
   SInv:      It lets you see invisible.
   Fly:       It grants you flight.
 p - a +4 ring of protection
Scrolls
 a - a scroll of identify
Potions
 e - a potion of haste
 f - a potion of might
 g - a potion of curing
 h - a potion of enlightenment

Dungeon Overview and Level Annotations

Branches:
Dungeon (5/15)
 Temple: D:4-7

Altars:
Cheibriados
Nemelex Xobeh
Xom

Shops:
D:2 [*   D:3 :


Message History

It is a scroll of amnesia.
Really abort (and waste the scroll)?
Done exploring.
(D) Dungeon
Where to? (* - list waypoints, Enter - D:4, ? - help)
What level of the Dungeon? (default 1, ? - help)
There is a stone staircase leading down here.
You fly downwards.
Found a sparkling altar of Nemelex Xobeh.
There is a stone staircase leading up here.
An ogre is nearby!
Waypoint 4 assigned to D:5.
You shoot a sling bullet. The sling bullet hits the ogre.
The ogre is lightly wounded.
You shoot a sling bullet. The sling bullet hits the ogre!
The ogre is heavily wounded.
You shoot a sling bullet.
The sling bullet barely misses the ogre.
You shoot a sling bullet.
The sling bullet hits the ogre but does no damage.
The ogre is heavily wounded.
The ogre closely misses you.
You shoot a sling bullet.
The sling bullet barely misses the ogre.
The ogre closely misses you.
You shoot a sling bullet.
The sling bullet barely misses the ogre.
The ogre hits you with a +0 giant club!!
Ouch! That really hurt!
2754 ||| STAIRDANCE You fly upwards.
There is a stone staircase leading down here.
You shoot a sling bullet. The sling bullet hits the ogre.
The ogre is severely wounded.
The ogre misses you.
You shoot a sling bullet. The sling bullet hits the ogre.
The ogre is almost dead.
The ogre hits you with a +0 giant club!!
Ouch! That really hurt!
You die...

##.#.......#............##.......
####.%...............#####.......
#..#....#............## #......##
#.....................####......#
##....###..............##........
##....##..............#.......#..
.......##................####.###
#.......................<..##.###
####.....#......@##.#............
##.....#......O###...##......##
#.....##.......##.....#.....##.
##....#........##(.#.......###.
####...........##.#.......####
#..........#.............##
#..##......#...#...........
#####.........####.........
##............###.........


You could see an ogre.

Vanquished Creatures
  2 ogres (D:4)
  A jelly (D:4)
  2 orc priests (D:3)
  A gnoll bouda (D:4)
  4 gnolls (D:4)
  4 adders (D:2)
  2 dart slugs
  A worm (D:2)
  4 orcs
  2 ball pythons
  5 endoplasms
  2 giant cockroaches
  2 goblins
  5 hobgoblins
  3 kobolds
  A quokka (D:3)
  4 bats
  A frilled lizard (D:1)
  3 rats (D:2)
49 creatures vanquished.

Notes
Turn   | Place    | Note
-------+----------+-------------------------------------------
     0 | D:1      | qw the Gargoyle Hexslinger began the quest for the Orb.
     0 | D:1      | Reached XP level 1. HP: 12/12 MP: 2/2
     0 | D:1      | 0 ||| qw: Version: 0.3-a-52-g30416fa
     0 | D:1      | 0 ||| qw: Game counter: 5128
     0 | D:1      | 0 ||| qw: Melee chars always use a shield: true
     0 | D:1      | 0 ||| qw: God list: Okawaru
     0 | D:1      | 0 ||| qw: Allow faded altars: false
     0 | D:1      | 0 ||| qw: Do Orc after clearing Dungeon:15 true
     0 | D:1      | 0 ||| qw: Do second Lair branch before Depths: true
     0 | D:1      | 0 ||| qw: Lair rune preference: random
     0 | D:1      | 0 ||| qw: Goals: Normal
     0 | D:1      | 0 ||| PLANNING D:1-11
   240 | D:1      | Reached XP level 2. HP: 16/16 MP: 3/3
   342 | D:1      | Found a faded altar of an unknown god.
   717 | D:1      | 717 ||| READING scroll labelled WAZ DEUNLEAGI.
   721 | D:1      | 721 ||| READING scroll labelled FIRGHU DIMOURR.
   722 | D:1      | 722 ||| DROPPING scroll of poison.
   886 | D:2      | Reached skill level 3 in Ranged Weapons
   955 | D:2      | Found Ozinyor's Assorted Antiques.
   971 | D:2      | Reached XP level 3. HP: 19/21 MP: 4/4
   980 | D:2      | 980 ||| BUYING 2 amethyst potions (48 gold).
   980 | D:2      | Bought 2 amethyst potions for 48 gold pieces
   980 | D:2      | 980 ||| SHOPLISTING fizzy clear potion (24 gold, have 20).
   980 | D:2      | 980 ||| SHOPLISTING leather armour (54 gold, have 20).
   980 | D:2      | 980 ||| SHOPLISTING scroll labelled JEGOESTIUVA (27 gold,
                  | have 20).
   980 | D:2      | 980 ||| SHOPLISTING scroll of teleportation (81 gold, have
                  | 20).
   980 | D:2      | 980 ||| SHOPLISTING silver wand (108 gold, have 20).
  1057 | D:2      | Found Qari Iwe's Antique Armour Boutique.
  1062 | D:2      | 1062 ||| SHOPLISTING glowing cloak (187 gold, have 20).
  1062 | D:2      | 1062 ||| SHOPLISTING glowing robe (92 gold, have 20).
  1062 | D:2      | 1062 ||| SHOPLISTING leather armour (50 gold, have 20).
  1062 | D:2      | 1062 ||| SHOPLISTING pair of glowing gloves (187 gold, have
                  | 20).
  1062 | D:2      | 1062 ||| SHOPLISTING ring mail (100 gold, have 20).
  1062 | D:2      | 1062 ||| SHOPLISTING shiny ring mail (175 gold, have 20).
  1153 | D:2      | Found a snail-covered altar of Cheibriados.
  1566 | D:2      | Reached XP level 4. HP: 26/26 MP: 5/5
  1581 | D:2      | 1581 ||| UPGRADING to +0 leather armour.
  1591 | D:2      | 1591 ||| DROPPING +0 robe.
  1592 | D:2      | 1592 ||| UPGRADING to ring of resist corrosion.
  1593 | D:2      | 1593 ||| READING 2 scrolls labelled HOYSEF SUSOST.
  1593 | D:2      | Identified 2 scrolls of acquirement
  1593 | D:2      | 1593 ||| ACQUIRING ring "Womurac" {Fly rN+++ Str-2 Slay+2
                  | SInv}
  1593 | D:2      | Acquired the ring "Womurac" {Fly rN+++ Str-2 Slay+2 SInv}
  1594 | D:2      | 1594 ||| READING scroll of acquirement.
  1594 | D:2      | 1594 ||| ACQUIRING ring of the Mashing Gods {Str+6 Dex+3}
  1594 | D:2      | Acquired the ring of the Mashing Gods {Str+6 Dex+3}
  1596 | D:2      | 1596 ||| UPGRADING to ring of the Mashing Gods {Str+6
                  | Dex+3}.
  1597 | D:2      | 1597 ||| UPGRADING to ring "Womurac" {Fly rN+++ Str-2
                  | Slay+2 SInv}.
  1599 | D:2      | 1599 ||| DROPPING ring of resist corrosion.
  1600 | D:2      | 1600 ||| DRINKING 2 glowing dark potions.
  1601 | D:2      | 1601 ||| DRINKING 2 amethyst potions.
  1601 | D:2      | Gained mutation: You occasionally lose the ability to read
                  | scrolls when taking damage. [potion of mutation]
  1601 | D:2      | Gained mutation: You have a pair of small horns on your
                  | head. [potion of mutation]
  1602 | D:2      | 1602 ||| DRINKING potion of mutation.
  1602 | D:2      | Lost mutation: You occasionally lose the ability to read
                  | scrolls when taking damage. [potion of mutation]
  1602 | D:2      | Lost mutation: You have a pair of small horns on your head.
                  | [potion of mutation]
  1602 | D:2      | Gained mutation: Your large and strong wings let you fly.
                  | [potion of mutation]
  1602 | D:2      | Gained mutation: Your muscles are strong. (Str +4, Int/Dex
                  | -1) [potion of mutation]
  1632 | D:3      | Found Ywnejaf's Book Boutique.
  1670 | D:3      | Found a shimmering altar of Xom.
  1675 | D:3      | Reached skill level 4 in Ranged Weapons
  1987 | D:3      | 1987 ||| UPGRADING to +0 cloak.
  1992 | D:3      | 1992 ||| DROPPING ring of ice.
  1993 | D:3      | 1993 ||| READING scroll labelled VIDWIA PIFUOB.
  2009 | D:3      | 2009 ||| READING scroll labelled ZIQAMOALOCS.
  2010 | D:3      | 2010 ||| READING scroll labelled GUSTAGH YDIMAMP.
  2011 | D:3      | 2011 ||| READING scroll labelled TITODW VADINUK.
  2012 | D:3      | 2012 ||| DRINKING 2 smoky ruby potions.
  2013 | D:3      | 2013 ||| DRINKING 2 emerald potions.
  2014 | D:3      | 2014 ||| READING 5 scrolls of identify.
  2014 | D:3      | 2014 ||| IDENTIFYING fizzy clear potion
  2015 | D:3      | 2015 ||| READING 4 scrolls of identify.
  2015 | D:3      | 2015 ||| IDENTIFYING viscous puce potion
  2016 | D:3      | 2016 ||| READING 3 scrolls of identify.
  2016 | D:3      | 2016 ||| IDENTIFYING fizzy cyan potion
  2017 | D:3      | 2017 ||| READING 2 scrolls of identify.
  2017 | D:3      | 2017 ||| IDENTIFYING murky pink potion
  2018 | D:3      | 2018 ||| DROPPING potion of lignification.
  2019 | D:3      | 2019 ||| DROPPING potion of magic.
  2039 | D:4      | 2039 ||| STAIRDANCE
  2041 | D:3      | HP: 5/26 [orc priest/+0 mace (3)]
  2042 | D:3      | 2042 ||| DRINKING potion of heal wounds.
  2059 | D:3      | 2059 ||| UPGRADING to +0 ring mail.
  2069 | D:3      | 2069 ||| DROPPING +0 leather armour.
  2076 | D:4      | 2076 ||| STAIRDANCE
  2084 | D:3      | Reached skill level 1 in Armour
  2084 | D:3      | Reached XP level 5. HP: 14/30 MP: 6/6
  2173 | D:4      | Noticed an ogre
  2180 | D:4      | Killed an ogre
  2181 | D:4      | Reached skill level 5 in Ranged Weapons
  2258 | D:4      | Reached XP level 6. HP: 35/35 MP: 7/7
  2369 | D:4      | Reached skill level 3 in Fighting
  2374 | D:4      | HP: 8/37 [gnoll/+0 spear[a gnoll bouda] (7)]
  2528 | D:4      | Reached skill level 6 in Ranged Weapons
  2727 | D:4      | 2727 ||| READING scroll labelled PUIRAE PUIFA.
  2728 | D:4      | 2728 ||| READING scroll labelled KEKLOG TESKOGA.
  2729 | D:4      | 2729 ||| READING scroll labelled ZEBIET WOOSMI.
  2747 | D:5      | Entered Level 5 of the Dungeon
  2747 | D:5      | Found a sparkling altar of Nemelex Xobeh.
  2754 | D:5      | 2754 ||| STAIRDANCE
  2757 | D:4      | Slain by an ogre

Levels and vault maps discovered:
D:1:      nzn_arrival_depleted_hourglass, layout_basic, basic_ecumenical_altar
D:2:      layout_basic, basic_altar, serial_shops, nicolae_shop_hallway_plus,
          shop
D:3:      layout_rooms, mainiacjoe_overflow_catwalk, serial_shops, shop
D:4:      layout_cave_pools
D:5:      layout_cave_pools, grunt_temple_overflow_open

Skill      XL: |  1  2  3  4  5  6 |
---------------+-------------------+-----
Ranged Weapons | 3 4 5 6 |  6.1
Fighting       | 2 3 |  3.3
Armour         | 1 |  1.6
Dodging        | |  1.5
Spellcasting   | |  1.0
Hexes          | |  2.6

Action                     |  1- 3 |  4- 6 || total
---------------------------+-------+-------++-------
   Fire: Sling             |    70 |    99 ||   169
    Use: Scroll            |     2 |    13 ||    15
         Potion            |       |     6 ||     6
 Armour: Robe              |     4 |       ||     4
         Leather armour    |       |     5 ||     5
         Ring mail         |       |    10 ||    10
  Dodge: Dodged            |    19 |    44 ||    63

Table legend:
 A = Non-vault XP
 B = Vault XP
 C = Vault XP percentage of total XP
 D = Non-vault monster count
 E = Vault monster count
 F = Vault count percentage of total count
                 A         B        C        D         E       F
            +---------+---------+-------+---------+---------+-------
      Total |     579 |       0 |   0.0 |      49 |       0 |   0.0
            +---------+---------+-------+---------+---------+-------
        D:1 |      14 |       0 |   0.0 |       8 |       0 |   0.0
        D:2 |      71 |       0 |   0.0 |      14 |       0 |   0.0
        D:3 |     104 |       0 |   0.0 |      13 |       0 |   0.0
        D:4 |     390 |       0 |   0.0 |      14 |       0 |   0.0
            +---------+---------+-------+---------+---------+-------
